 Dungeon Crawl Stone Soup version 0.28-a0-479-g5baa6b73be (webtiles) character file.

Game seed: 8742961644592778862

67 Dabor the Skirmisher (level 4, -2/37 HPs)
             Began as a Formicid Abyssal Knight on Sept 19, 2021.
             Was a Follower of Lugonu.
             Slain by Sigmund (7 damage)
             ... on level 2 of the Dungeon.
             The game lasted 00:02:07 (2220 turns).

Dabor the Skirmisher (Formicid Abyssal Knight)      Turns: 2220, Time: 00:02:07

Health: -2/37      AC:  3    Str: 18    XL:     4   Next: 38%
Magic:  6/6        EV: 11    Int: 11    God:    Lugonu [*.....]
Gold:   63         SH:  0    Dex: 10    Spells: 3/3 levels left

rFire   . . .      SeeInvis +   a - +1 spear
rCold   . . .      Faith    .   (no shield)
rNeg    . . .      Spirit   .   b - +0 leather armour
rPois   .          Reflect  .   (helmet unavailable)
rElec   .          Harm     .   (no cloak)
rCorr   .          Rampage  .   (no gloves)
Will    .....                   (no boots)
Stlth   +.........              (no amulet)
HPRegen 0.12/turn               (no ring)
MPRegen 0.10/turn               (no ring)

@: no status effects
A: permanent stasis, dig shafts and tunnels, antennae 3, four strong arms
a: Dig, Shaft Self, Renounce Religion, Depart the Abyss


You were on level 2 of the Dungeon.
You worshipped Lugonu.
Lugonu was aware of your devotion.
You visited 1 branch of the dungeon, and saw 2 of its levels.
You visited the Abyss 1 time.

You collected 63 gold pieces.

Inventory:

Hand Weapons
 a - a +1 spear (weapon)
Missiles
 h - 2 javelins
Armour
 b - a +0 leather armour (worn)
Scrolls
 c - a scroll of identify {unknown}
 g - a scroll of summoning {unknown}
 i - 2 scrolls of blinking
Potions
 d - 3 potions of ambrosia {unknown}
 e - 2 potions of heal wounds {unknown}
 f - a potion of curing {unknown}


   Skills:
 * Level 3.8 Fighting
 * Level 2.8 Polearms
 + Level 0.2 Throwing
 * Level 2.8 Armour
 + Level 1.4 Dodging
 + Level 2.7 Invocations


You had 3 spell levels left.
You didn't know any spells.
Your spell library contained the following spells:

 Spells                   Type           Power      Damage    Failure   Level
 Shock                    Conj/Air       0%         1d3       38%         1
 Airstrike                Air            0%         N/A       99%         4
 Swiftness                Air            Unusable   N/A       N/A         3

Dungeon Overview and Level Annotations

Branches:
Dungeon (2/15)

Altars:
Elyvilon

Annotations:
D:2 1 runed translucent door, Crazy Yiuf, Sigmund


Innate Abilities, Weirdness & Mutations

You cannot be hasted, slowed, berserked, paralysed or teleported.
You can dig through walls and to a lower floor.
You have a pair of large antennae on your head. (SInv)
Your four strong arms can wield two-handed weapons with a shield.


Message History

You resist with some effort. Sigmund closely misses you.
Sigmund is nearby!
You reach to attack!
You closely miss Sigmund. Sigmund barely misses you.
Sigmund is nearby!
You reach to attack!
You barely miss Sigmund.
Sigmund is nearby!
You reach to attack!
You hit Sigmund but do no damage.
Sigmund casts a spell.
Sigmund flickers and vanishes for a moment.
Sigmund is nearby!
You reach to attack!
You barely miss Sigmund.
Sigmund zaps a wand.
The puff of flame hits you!
Non-targeted abil: Dig
Press: ? - help, Q - select action, (/) - cycle Dir - look around, f - activate
Okay, then.
You reach to attack!
You hit Sigmund.
Sigmund is lightly wounded.
Sigmund gestures at you while chanting.
You are confused.
You are too confused!
You are too confused!
You are too confused!
You are too confused!
You are too confused!
You are too confused!
You are too confused!
Sigmund zaps a wand.
The puff of flame hits you.
You miss Sigmund.
Sigmund is lightly wounded.
Sigmund hits you with a +0 scythe!
You bump into the rock wall.
Sigmund hits you with a +0 scythe!
* * * LOW HITPOINT WARNING * * *
You closely miss Sigmund.
Sigmund is lightly wounded.
You feel less confused.
As you read the scroll labelled OLAIFI IHOBAPSOT, it crumbles to dust.
Your stasis prevents you from teleporting.
It was a scroll of blinking.
Sigmund hits you with a +0 scythe!
You die...

### ## #.. .. #.# #.######### #@#
#.......... #####@# ####.###.##
###### #.....# #..## ##.. .....#
#.....# #.## ##.
####.#######.....#######.# #.
#.#.#.#.#................## ##.
.........###.....#####....## ##..
#<#.#.#.#....>............)###.#.
..........##.....#######.##....#.
#.#.#.#.####.....## #.#####...


You could see Sigmund (invisible).

Vanquished Creatures
  Robin (D:2)
  An adder (D:2)
  A worm (D:1)
  An orc (D:2)
  2 endoplasms
  3 giant cockroaches
  11 goblins
  2 hobgoblins (D:2)
  4 jackals (D:2)
  A kobold (D:2)
  2 quokkas
  2 ball pythons
  4 bats
  A frilled lizard (D:1)
  A rat (D:1)
37 creatures vanquished.

Vanquished Creatures (others)
  A lurking horror (Abyss:1)
1 creature vanquished.

Grand Total: 38 creatures vanquished

Notes
Turn   | Place    | Note
-------+----------+-------------------------------------------
     0 | Abyss:1  | Dabor the Formicid Abyssal Knight began the quest for the
                  | Orb.
     0 | Abyss:1  | Reached XP level 1. HP: 18/18 MP: 2/2
    93 | Abyss:1  | Found a corrupted altar of Lugonu.
   141 | Abyss:1  | Noticed a tentacled starspawn
   145 | Abyss:1  | Noticed a spatial maelstrom
   147 | Abyss:1  | Noticed a spatial vortex
   149 | D:1      | Escaped the Abyss
   299 | D:1      | Reached skill level 1 in Dodging
   301 | D:1      | Reached * piety under Lugonu
   417 | D:1      | Reached XP level 2. HP: 24/24 MP: 3/3
   572 | D:1      | You fall into a shaft and drop 1 floor!
   634 | D:2      | Reached XP level 3. HP: 12/29 MP: 4/4
  1472 | D:2      | Noticed Robin
  1489 | D:2      | Killed Robin
  1490 | D:2      | Reached XP level 4. HP: 14/37 MP: 6/6
  1824 | D:2      | Found a runed translucent door.
  1825 | D:2      | Noticed Crazy Yiuf
  2009 | D:2      | Found a white marble altar of Elyvilon.
  2208 | D:2      | Noticed Sigmund
  2220 | D:2      | Slain by Sigmund

Illustrated notes

Levels and vault maps discovered:
D:1:      scummos_arrival_simple_crosswalls, layout_rooms, serial_bayou,
          serial_bayou_shore_a, serial_bayou_pond_e, serial_bayou_pond_a,
          serial_bayou_lagoon_a
D:2:      layout_loops_ring, basic_altar, st_stairs_12,
          kennysheep_big_empty_room, uniq_robin, uniq_crazy_yiuf_cottage,
          uniq_sigmund

Skill      XL: |  1 |
---------------+----+-----
Dodging        | 1 |  1.4
Fighting       | |  3.8
Polearms       | |  2.8
Throwing       | |  0.2
Armour         | |  2.8
Invocations    | |  2.7

Action                   |  1- 3 |  4- 6 || total
-------------------------+-------+-------++-------
Melee: Spear             |    88 |    38 ||   126
Invok: Depart the Abyss  |     1 |       ||     1
  Use: Scroll            |       |     1 ||     1
 Stab: Distracted        |     1 |       ||     1
Armor: Leather armour    |    10 |    10 ||    20
Dodge: Dodged            |    37 |    29 ||    66

Table legend: (Time is in decaauts)
 A = Elapsed time spent in this place.
 B = Non-inter-level travel time spent in this place.
 C = Inter-level travel time spent in this place.
 D = Time resting spent in this place.
 E = Time spent auto-exploring this place.
 F = Levels seen in this place.
 G = Mean time per level.
                   A        B        C        D        E       F      G
               +--------+--------+--------+--------+--------+-----+--------+
         Total |   2236 |   2188 |     48 |    259 |   1622 |   3 |  745.3 |
       Dungeon |   2087 |   2039 |     48 |    259 |   1533 |   2 | 1043.5 |
         Abyss |    149 |    149 |      0 |      0 |     89 |   1 |  149.0 |
               +--------+--------+--------+--------+--------+-----+--------+

Top non-repeatable levels by time:
     D:1: 1091 daAuts
     D:2: 996 daAuts
 Abyss:1: 149 daAuts
